 Dungeon Crawl Stone Soup version 0.31.0-9-g3a7656b989 (webtiles) character file.

Game seed: 17247290945863659337

633 qw the Shooter (level 7, -1/35 HPs)
             Began as a Spriggan Hunter on Feb 2, 2024.
             Was an Initiate of Okawaru.
             Slain by Edmund
             ... wielding a +2 flail of protection
              (5 damage)
             ... on level 5 of the Dungeon.
             The game lasted 00:00:13 (3166 turns).

qw the Shooter (Spriggan Hunter)                    Turns: 3166, Time: 00:00:13

Health: -1/35      AC:  2    Str:  7    XL:     7   Next: 24%
Magic:  8/8        EV: 22    Int: 10    God:    Okawaru [......]
Gold:   700        SH:  0    Dex: 21    Spells: 6/6 levels left

rFire   . . .        a - +2 shortbow (drain)
rCold   . . .        (shield currently unavailable)
rNeg    . . .        c - +0 robe
rPois   .            (helmet restricted)
rElec   .            (no cloak)
rCorr   .            (gloves unavailable)
SInv    +            (boots unavailable)
Will    +....        (no amulet)
Stlth   ++           (no ring)
HPRegen 0.25/turn    (no ring)
MPRegen 0.11/turn

%: no passive effects
@: about to teleport, very quick
A: very small, no large weapons, unfitting armour, see invisible, speed 3
a: Renounce Religion


You were on level 5 of the Dungeon.
You worshipped Okawaru.
Okawaru was noncommittal.
You visited 2 branches of the dungeon, and saw 6 of its levels.
You also visited: Sewer.

You collected 829 gold pieces.
You spent 129 gold pieces at shops.


Innate Abilities, Weirdness & Mutations

You are very small and have problems with some larger weapons.
You are too small for most types of armour.
You have supernaturally acute eyesight. (SInv)
You cover ground extremely quickly. (Speed+++)


   Skills:
 - Level 2.0 Fighting
 + Level 7.1 Ranged Weapons
 - Level 7.1 Dodging
 - Level 1.5 Stealth


You had 6 spell levels left.
You didn't know any spells.
Your spell library was empty.

Inventory:

Hand Weapons
 a - a +2 shortbow of draining (weapon)
Armour
 c - a +0 robe (worn)
Jewellery
 i - a ring of fire
Scrolls
 g - a scroll of identify
Potions
 b - a potion of lignification {unknown}
 d - 2 potions of curing
 e - 2 potions of enlightenment
 f - a potion of heal wounds
 h - a potion of mutation

Dungeon Overview and Level Annotations

Branches:
Dungeon (5/15)             Temple (1/1) D:4           Sewer (visited)

Altars:
Ashenzari
Elyvilon
Gozag
Hepliaklqana
Kikubaaqudgha
Nemelex Xobeh
Okawaru
Qazlal
Ru
Uskayaw
Vehumet
Wu Jian
Xom
Zin
The Shining One

Shops:
D:2 =:?*[

Annotations:
D:5 Edmund


Message History

You see here a +1 leather armour of cold resistance.
Found a stone staircase leading up.
Edmund the Younger comes into view.
He is wielding a +2 flail of protection.
You shoot an arrow.
The arrow hits Edmund but does no damage.
Edmund shouts!
You shoot an arrow. The arrow barely misses Edmund.
You shoot an arrow. The arrow closely misses Edmund.
You shoot an arrow. The arrow closely misses Edmund.
You shoot an arrow. The arrow barely misses Edmund.
You shoot an arrow. The arrow barely misses Edmund.
Edmund hits you with a +2 flail of protection!
You shoot an arrow.
The arrow hits Edmund but does no damage.
Edmund hits you with a +2 flail of protection!
You shoot an arrow.
The arrow hits Edmund but does no damage.
You drain Edmund.
Edmund is lightly wounded.
Edmund completely misses you.
You shoot an arrow.
The arrow hits Edmund but does no damage.
Edmund is lightly wounded.
Edmund misses you.
You shoot an arrow. The arrow closely misses Edmund.
Edmund misses you.
You shoot an arrow. The arrow hits Edmund.
Edmund is lightly wounded.
Edmund misses you.
You shoot an arrow. The arrow barely misses Edmund.
Edmund barely misses you.
You shoot an arrow. The arrow hits Edmund!
Edmund is moderately wounded.
Edmund hits you with a +2 flail of protection!
3166 ||| READING scroll of teleportation.
As you read the scroll of teleportation, it crumbles to dust.
You feel strangely unstable.
Edmund hits you with a +2 flail of protection.
You die...
Edmund says, "That'll show my brother!"

#####
##...##.#...
##...@@..<...
##.....##.#.#.
##.######
##..# ##...#
##....#
#.....# ####
##...### ..#
#......####


You could see Edmund (drained).

Vanquished Creatures
  An ogre (D:4)
  A black bear (D:4)
  2 phantoms (D:4)
  A kobold brigand (Sewer)
  A hound (D:4)
  An orc priest (D:4)
  A sleepcap (D:5)
  4 adders
  A river rat (Sewer)
  2 ufetubi (D:4)
  2 dart slugs (D:1)
  7 orcs
  6 ball pythons
  2 bats
  7 endoplasms
  3 giant cockroaches
  7 goblins
  3 hobgoblins (D:3)
  11 jackals
  12 kobolds
  3 quokkas
  4 frilled lizards
  11 rats
93 creatures vanquished.

Notes
Turn   | Place    | Note
-------+----------+-------------------------------------------
     0 | D:1      | qw the Spriggan Hunter began the quest for the Orb.
     0 | D:1      | Reached XP level 1. HP: 10/10 MP: 2/2
     0 | D:1      | 0 ||| qw: Version: 0.3-a-155-g5e7d8dd
     0 | D:1      | 0 ||| qw: Game counter: 2398
     0 | D:1      | 0 ||| qw: Melee chars always use a shield: true
     0 | D:1      | 0 ||| qw: God list: Okawaru
     0 | D:1      | 0 ||| qw: Allow faded altars: false
     0 | D:1      | 0 ||| qw: Do Orc after clearing Dungeon:15 true
     0 | D:1      | 0 ||| qw: Do second Lair branch before Depths: true
     0 | D:1      | 0 ||| qw: Lair rune preference: random
     0 | D:1      | 0 ||| qw: Goals: Normal
     0 | D:1      | 0 ||| PLANNING D:1-11
    28 | D:1      | Reached skill level 3 in Dodging
   138 | D:1      | Reached XP level 2. HP: 13/14 MP: 3/3
   672 | D:1      | 672 ||| READING scroll labelled IKKEINOECW.
   673 | D:1      | 673 ||| READING scroll labelled AMELO MIRPH.
   674 | D:1      | 674 ||| DROPPING scroll of butterflies.
   775 | D:2      | Reached XP level 3. HP: 10/18 MP: 4/4
   829 | D:2      | Found Xaxol's Antique Armour Emporium.
  1026 | D:2      | Found Erozoe's Jewellery Shoppe.
  1027 | D:2      | Found Xujuidu's Book Shoppe.
  1036 | D:2      | 1036 ||| SHOPLISTING +4 ring of slaying (780 gold, have
                  | 92).
  1036 | D:2      | 1036 ||| SHOPLISTING +6 ring of strength (360 gold, have
                  | 92).
  1036 | D:2      | 1036 ||| SHOPLISTING amulet of faith (400 gold, have 92).
  1036 | D:2      | 1036 ||| SHOPLISTING ring "Yriases" {Wiz rF+ rC+ Int+3}
                  | (573 gold, have 92).
  1036 | D:2      | 1036 ||| SHOPLISTING ring of poison resistance (200 gold,
                  | have 92).
  1036 | D:2      | 1036 ||| SHOPLISTING ring of positive energy (200 gold,
                  | have 92).
  1036 | D:2      | 1036 ||| SHOPLISTING ring of protection from cold (250
                  | gold, have 92).
  1042 | D:2      | Identified the +6 spear "Piuhu" {drain, ^Fragile rN++ rCorr
                  | Dex+2}
  1226 | D:2      | Found Toqoa's General Store.
  1232 | D:2      | 1232 ||| SHOPLISTING +5 ring of evasion (360 gold, have
                  | 113).
  1232 | D:2      | 1232 ||| BUYING scroll of teleportation (30 gold).
  1232 | D:2      | Bought a scroll of teleportation for 30 gold pieces
  1256 | D:2      | Found a stormy altar of Qazlal.
  1396 | D:2      | Found Waypp's Magic Scroll Boutique.
  1399 | D:2      | 1399 ||| BUYING scroll of identify (22 gold).
  1399 | D:2      | Bought a scroll of identify for 22 gold pieces
  1399 | D:2      | 1399 ||| BUYING scroll of identify (22 gold).
  1399 | D:2      | Bought a scroll of identify for 22 gold pieces
  1399 | D:2      | 1399 ||| BUYING scroll of identify (22 gold).
  1399 | D:2      | Bought a scroll of identify for 22 gold pieces
  1399 | D:2      | 1399 ||| BUYING scroll of teleportation (33 gold).
  1399 | D:2      | Bought a scroll of teleportation for 33 gold pieces
  1399 | D:2      | 1399 ||| DRINKING 2 purple potions.
  1400 | D:2      | 1400 ||| READING 4 scrolls of identify.
  1400 | D:2      | 1400 ||| IDENTIFYING green potion
  1401 | D:2      | 1401 ||| READING 3 scrolls of identify.
  1401 | D:2      | 1401 ||| IDENTIFYING fuming amethyst potion
  1402 | D:2      | 1402 ||| READING 2 scrolls of identify.
  1402 | D:2      | 1402 ||| IDENTIFYING yellow potion
  1403 | D:2      | 1403 ||| READING scroll of identify.
  1403 | D:2      | 1403 ||| IDENTIFYING inky potion
  1404 | D:2      | 1404 ||| DRINKING 2 grey potions.
  1405 | D:2      | 1405 ||| DRINKING 2 fizzy inky potions.
  1406 | D:2      | 1406 ||| DROPPING potion of invisibility.
  1407 | D:2      | 1407 ||| DROPPING potion of ambrosia.
  1408 | D:2      | 1408 ||| DROPPING potion of brilliance.
  1409 | D:2      | 1409 ||| DROPPING potion of degeneration.
  1434 | D:3      | 1434 ||| PLANNING SEWER
  1449 | D:3      | Found a glowing drain.
  1472 | Sewer    | Entered a sewer
  1480 | Sewer    | Reached XP level 4. HP: 14/22 MP: 5/5
  1589 | Sewer    | Noticed a kobold brigand
  1590 | Sewer    | 1590 ||| DRINKING potion of haste.
  1603 | Sewer    | Killed a kobold brigand
  1604 | Sewer    | Reached XP level 5. HP: 25/25 MP: 6/6
  1616 | Sewer    | Found a white marble altar of Elyvilon.
  1660 | D:3      | 1660 ||| PLANNING D:1-11
  1715 | D:3      | Found a hazy altar of Hepliaklqana.
  2244 | D:3      | Found a broken altar of Ashenzari.
  2244 | D:3      | Found an ancient bone altar of Kikubaaqudgha.
  2320 | D:3      | 2320 ||| READING 2 scrolls of identify.
  2320 | D:3      | 2320 ||| IDENTIFYING lumpy coppery potion
  2321 | D:3      | 2321 ||| READING scroll of identify.
  2321 | D:3      | 2321 ||| IDENTIFYING murky amethyst potion
  2322 | D:3      | 2322 ||| READING scroll labelled KABOIPL JUATSETH.
  2322 | D:3      | Identified a scroll of acquirement
  2322 | D:3      | 2322 ||| ACQUIRING 586 gold pieces
  2322 | D:3      | Acquired 586 gold pieces
  2324 | D:3      | 2324 ||| READING scroll labelled EFROADGH TUMENIQER.
  2324 | D:3      | 2324 ||| BRANDING +0 shortbow.
  2325 | D:3      | 2325 ||| READING scroll labelled VURUIPN VISHE.
  2325 | D:3      | 2325 ||| ENCHANTING +0 shortbow of draining.
  2326 | D:3      | 2326 ||| DROPPING potion of berserk rage.
  2327 | D:3      | 2327 ||| DROPPING potion of attraction.
  2350 | D:4      | Noticed a phantom
  2358 | D:4      | Killed a phantom
  2359 | D:4      | Reached XP level 6. HP: 27/30 MP: 7/7
  2385 | D:4      | 2385 ||| FLEEEEING.
  2386 | D:4      | 2386 ||| FLEEEEING.
  2387 | D:4      | 2387 ||| FLEEEEING.
  2388 | D:4      | 2388 ||| FLEEEEING.
  2389 | D:4      | 2389 ||| FLEEEEING.
  2398 | D:4      | HP: 4/30 [ogre/+0 giant club (23)]
  2399 | D:4      | 2399 ||| READING 2 scrolls of teleportation.
  2400 | D:4      | 2400 ||| DRINKING 2 potions of heal wounds.
  2402 | D:4      | Reached skill level 6 in Ranged Weapons
  2429 | D:4      | Found a white marble altar of Elyvilon.
  2447 | D:4      | Reached skill level 6 in Dodging
  2488 | D:4      | 2488 ||| READING scroll of enchant weapon.
  2488 | D:4      | 2488 ||| ENCHANTING +1 shortbow of draining.
  2495 | D:4      | Reached XP level 7. HP: 35/35 MP: 8/8
  2569 | D:4      | Found a staircase to the Ecumenical Temple.
  2570 | D:4      | 2570 ||| PLANNING TEMPLE
  2570 | D:4      | 2570 ||| READING scroll labelled EFUIMA LOSCHOUT.
  2700 | Temple   | Entered the Ecumenical Temple
  2701 | Temple   | 2701 ||| PLANNING OKAWARU WORSHIP
  2744 | Temple   | Became a worshipper of Warmaster Okawaru
  2745 | Temple   | 2745 ||| PLANNING D:1-11
  3052 | D:5      | Entered Level 5 of the Dungeon
  3152 | D:5      | Noticed Edmund
  3165 | D:5      | HP: 3/35 [Edmund/+2 flail of protection (11)]
  3166 | D:5      | 3166 ||| READING scroll of teleportation.
  3166 | D:5      | Slain by Edmund

Levels and vault maps discovered:
D:1:      dpeg_arrival_arbitrary_c, layout_basic, serial_park_tiny_1
D:2:      layout_loops_ring, basic_altar, serial_shops, shop, shop,
          nicolae_shop_rolled_up, shop, nicolae_shop_advertising_works
          [nicolae_subvault_shop_adworks], serial_bayou_pond_e
D:3:      layout_loops_ring, nicolae_hepliaklqana_hazy_memory,
          nicolae_overflow_two_pavilions, cheibrodos_sewer_entry_drain
D:4:      layout_rooms, nicolae_elyvilon_temple_path,
          minmay_temple_entry_junction
D:5:      minmay_inner_zag, layout_loops_cross, uniq_edmund,
          uniq_crazy_yiuf_cottage
Temple:   grunt_temple_mini_profane

Skill      XL: |  1  2  3  4  5  6  7 |
---------------+----------------------+-----
Dodging        | 3 4 5 6 7 |  7.1
Ranged Weapons | 5 7 |  7.1
Fighting       | 2 |  2.0
Stealth        | |  1.5

Action                     |  1- 3 |  4- 6 |  7- 9 || total
---------------------------+-------+-------+-------++-------
   Fire: Shortbow          |   114 |   136 |    34 ||   284
    Use: Scroll            |     6 |     7 |     2 ||    15
         Potion            |     3 |     2 |       ||     5
 Armour: Robe              |    16 |    15 |     6 ||    37
  Dodge: Dodged            |    60 |    59 |    12 ||   131

Table legend:
 A = Non-vault XP
 B = Vault XP
 C = Vault XP percentage of total XP
 D = Non-vault monster count
 E = Vault monster count
 F = Vault count percentage of total count
                 A         B        C        D         E       F
            +---------+---------+-------+---------+---------+-------
      Total |     774 |     131 |  14.5 |      78 |      15 |  16.1
            +---------+---------+-------+---------+---------+-------
        D:1 |      37 |       0 |   0.0 |      22 |       0 |   0.0
        D:2 |      30 |       0 |   0.0 |      11 |       0 |   0.0
        D:3 |      81 |       5 |   5.8 |      25 |       4 |  13.8
        D:4 |     589 |       0 |   0.0 |      19 |       0 |   0.0
        D:5 |      37 |       0 |   0.0 |       1 |       0 |   0.0
      Sewer |       0 |     126 | 100.0 |       0 |      11 | 100.0
            +---------+---------+-------+---------+---------+-------
